 Dungeon Crawl Stone Soup version 0.20-a0-433-g9e36e56 (webtiles) character file.

13 Gorice the Vexing (level 2, -1/21 HPs)
             Began as a Demonspawn Arcane Marksman on Jan 3, 2017.
             Succumbed to a kobold's poison
             ... on level 1 of the Dungeon.
             The game lasted 00:01:57 (522 turns).

Gorice the Vexing (Demonspawn Arcane Marksman)       Turns: 522, Time: 00:01:58

Health: -1/21      AC:  3    Str: 10    XL:     2   Next: 24%
Magic:  3/3        EV: 12    Int: 14    God:
Gold:   57         SH:  0    Dex: 13    Spells: 2/3 levels left

rFire  . . .     SeeInvis .     d - +0 dagger
rCold  . . .     Gourm    .     a - +0 robe
rNeg   . . .     Faith    .     (no shield)
rPois  .         Spirit   .     (no helmet)
rElec  .         Reflect  .     (no cloak)
rCorr  .         Harm     .     (no gloves)
MR     .....                    (no boots)
Stlth  +.........               (no amulet)
                                (no ring)
                                (no ring)

@: lethally poisoned (-1 -> -23)
A: rugged brown scales 1
a: no special abilities


You were on level 1 of the Dungeon.
You were not hungry.

You visited 1 branch of the dungeon, and saw 1 of its levels.

You collected 57 gold pieces.

Inventory:

Hand Weapons
 d - a +0 dagger (weapon)
Missiles
 c - 5 javelins (quivered)
 Y - 2 throwing nets
Armour
 a - a +0 robe (worn)
Scrolls
 e - a scroll of blinking {unknown}
 g - a scroll of identify {unknown}
 h - 2 scrolls of immolation {unknown}
Books
 b - a book of Debilitation
Comestibles
 f - a bread ration {!e}
 i - a chunk of flesh


   Skills:
 + Level 1.2 Fighting
 * Level 2.5 Throwing
 - Level 1.7 Dodging
 - Level 1.0 Spellcasting
 - Level 3.0 Hexes


You had 2 spell levels left.
You knew the following spells:

 Your Spells              Type           Power        Failure   Level  Hunger
a - Corona                Hex            #......      10%         1    ##.....


Dungeon Overview and Level Annotations

Branches:
Dungeon (1/15)

Altars:


Innate Abilities, Weirdness & Mutations

You are partially covered in rugged brown scales. (AC +1, +3% HP)


Message History

You hit the bat.
The bat is heavily wounded.
The bat hits you.
Damage: 1 (max 1)
The bat closely misses you.
You barely miss the bat.
The bat is heavily wounded.
The bat closely misses you. The bat barely misses you.
The bat closely misses you.
You barely miss the bat.
The bat is heavily wounded.
The bat barely misses you.
You hit the bat.
You kill the bat!
No target in view!
You see here a bat corpse.
You butcher the bat corpse.
i - a chunk of flesh A kobold comes into view.
It is wielding a dagger of venom.
The kobold hits you with a dagger of venom.
You are poisoned.
Found 2 scrolls labeled TEDUZIETYID.
Damage: 3 (max 3)
You closely miss the kobold.
You feel sick. The kobold hits you but does no damage.
You are lethally poisoned!
Damage: 1 (max 3)
You hit the kobold but do no damage.
You feel sick.
The kobold hits you with a dagger of venom.
You are more poisoned.
Damage: 4 (max 4)
You hit the kobold.
The kobold is severely wounded.
* * * LOW HITPOINT WARNING * * *
You feel sick. The kobold closely misses you.
Damage: 2 (max 4)
* * * LOW HITPOINT WARNING * * *
You feel sick.
Damage: 2 (max 4)
* * * LOW HITPOINT WARNING * * *
You feel sick.
Damage: 2 (max 4)
* * * LOW HITPOINT WARNING * * *
You feel sick.
Damage: 2 (max 4)
* * * LOW HITPOINT WARNING * * *
You feel sick. The kobold hits you but does no damage.
Damage: 2 (max 4)
You die...

#.# #.# #.# #.# #.# #.# #.#
#.# #.# #.# # ######.#### #..
....######.........########..
?.....?...K.@.............(..
###.######.........########..
######.#### #..
.###########.##### #..
.................# #..
........########.#######..
..........................
..........................
>.......###.###.#..##.##..


You could see a kobold.

Vanquished Creatures
  An ooze (D:1)
  A ball python (D:1)
  A bat (D:1)
  A giant cockroach (D:1)
  2 goblins (D:1)
  A hobgoblin (D:1)
  A kobold (D:1)
8 creatures vanquished.

Notes
Turn   | Place    | Note
-------+----------+-------------------------------------------
     0 | D:1      | Gorice the Demonspawn Arcane Marksman began the quest for the Orb.
     0 | D:1      | Reached XP level 1. HP: 15/15 MP: 2/2
    51 | D:1      | Reached skill level 2 in Throwing
   144 | D:1      | Gained mutation: You are partially covered in rugged brown scales. (AC +1, +3% HP) [demonic ancestry]
   144 | D:1      | Reached XP level 2. HP: 9/21 MP: 3/3
   519 | D:1      | HP: 5/21 [poisoned by a kobold]
   521 | D:1      | HP: 1/21 [poisoned by a kobold]
   522 | D:1      | Succumbed to a kobold's poison

Vault maps used:
D:1:      eino_arrival_water_star, columned_hall_lemuel

Skill      XL: |  1 |
---------------+----+-----
Throwing       | 2 |  2.5
Fighting       | |  1.2
Dodging        | |  1.7
Spellcasting   | |  1.0
Hexes          | |  3.0

Action                   || total
-------------------------++-------
Melee: Dagger            ||    27
       Unarmed           ||     5
Throw: Javelin           ||     6
Armor: Robe              ||    10
Dodge: Dodged            ||    29

Table legend:
 A = Turns spent in this place as a percentage of turns spent in the entire game.
 B = Non-inter-level travel turns spent in this place as a percentage of non-inter-level travel turns spent in the entire game.
 C = Inter-level travel turns spent in this place as a percentage of turns spent in this place.
 D = Turns resting spent in this place as a percentage of non-inter-level travel turns spent in this place.
 E = Turns spent auto-exploring this place as a percentage of non-inter-level travel turns spent in this place.
 F = Non-inter-level travel turns spent in this place divided by the number of levels of this place that you've seen.
                   A       B       C       D       E      F
               +-------+-------+-------+-------+-------+----------------------
         Total | 100.0 | 100.0 |   0.0 |   1.4 |   7.0 | 143.0
       Dungeon | 100.0 | 100.0 |   0.0 |   1.4 |   7.0 | 143.0
               +-------+-------+-------+-------+-------+----------------------

Vault maps used:
D:1:      eino_arrival_water_star, columned_hall_lemuel
